 Dungeon Crawl Stone Soup version 0.23.2-40-g277498a001 (webtiles) character file.

Game seed: 8470591354347522590

7 Destapler the Skirmisher (level 2, -2/29 HPs)
             Began as a Gnoll Wanderer on Aug 27, 2019.
             Killed from afar by a dart slug (7 damage)
             ... with a slug dart
             ... on level 1 of the Dungeon.
             The game lasted 00:01:56 (53 turns).

Destapler the Skirmisher (Gnoll Wanderer)             Turns: 53, Time: 00:01:56

Health: -2/29      AC:  2    Str: 13    XL:     2   Next: 0%
Magic:  7/7        EV: 13    Int: 16    God:
Gold:   0          SH:  0    Dex: 13    Spells: 10/10 levels left

rFire    . . .     SeeInvis .   a - +0 club
rCold    . . .     Gourm    .   (no shield)
rNeg     . . .     Faith    .   e - +0 robe
rPois    .         Spirit   .   (no helmet)
rElec    .         Reflect  .   (no cloak)
rCorr    .         Harm     .   (no gloves)
MR       .....                  (no boots)
Stlth    ++........             (no amulet)
HPRegen  0.09/turn              (no ring)
MPRegen  0.10/turn              (no ring)

@: no status effects
A: distributed training, fangs 1, strong nose
a: no special abilities


You were on level 1 of the Dungeon.
You were not hungry.

You visited 1 branch of the dungeon, and saw 1 of its levels.

Inventory:

Hand Weapons
 a - a +0 club (weapon)
Armour
 e - a +0 robe (worn)
Scrolls
 b - a scroll of blinking
Comestibles
 g - a ration


   Skills:
 + Level 6.4 Fighting
 + Level 0.2 Short Blades
 + Level 0.2 Long Blades
 + Level 0.2 Axes
 + Level 0.2 Maces & Flails
 + Level 0.2 Polearms
 + Level 0.2 Staves
 + Level 0.2 Slings
 + Level 0.2 Bows
 + Level 0.2 Crossbows
 + Level 2.4 Throwing
 + Level 0.2 Armour
 + Level 2.4 Dodging
 + Level 2.2 Stealth
 + Level 0.2 Shields
 + Level 2.4 Unarmed Combat
 + Level 4.9 Spellcasting
 + Level 0.1 Conjurations
 + Level 0.1 Hexes
 + Level 0.1 Charms
 + Level 0.1 Summonings
 + Level 0.1 Necromancy
 + Level 0.1 Translocations
 + Level 2.0 Transmutations
 + Level 0.1 Fire Magic
 + Level 0.1 Ice Magic
 + Level 0.1 Air Magic
 + Level 0.1 Earth Magic
 + Level 0.1 Poison Magic
 + Level 0.3 Invocations
 + Level 0.2 Evocations


You had 10 spell levels left.
You didn't know any spells.
Your spell library contained the following spells:

 Spells                   Type           Power        Failure   Level  Hunger
 Poisonous Vapours        Pois/Air       #.....       22%         2    ##.....
 Swiftness                Chrm/Air       #.......     22%         2    ##.....


Dungeon Overview and Level Annotations

Branches:
Dungeon (1/15)

Altars:


Innate Abilities, Weirdness & Mutations

Your experience applies equally to all skills.
You have very sharp teeth.
Your uncanny sense of smell can sniff out nearby items.


Message History

You hit the jackal. You bite the jackal, but do no damage.
The jackal is moderately wounded.
The jackal closely misses you. x2; The dart slug closely misses you.
You hit the jackal but do no damage.
The jackal is moderately wounded.
The jackal bites you. x2
* * * LOW HITPOINT WARNING * * *
The dart slug bites you but does no damage.
You hit the jackal but do no damage. Your punch misses the jackal.
The jackal is moderately wounded.
The jackal bites you.
* * * LOW HITPOINT WARNING * * *
The jackal bites you.
* * * LOW HITPOINT WARNING * * *
You barely miss the jackal.
The jackal is moderately wounded.
The jackal misses you. The dart slug launches a dart at you.
The slug dart hits you!
You die...

#.#.###.......##.##.#?
.h.....................
.......................
....$.........#......#
...........(.#.#..#..##
.......=....#...#......
.......#####..††.#####.
........#.....$@....#..
.####...†#....h.w..#...
#....#.........#...
#...#...........#..
....#####.....#####.
####......#...#.....(
###%....#.#..##...
#####..#...# ...
#......#


You could see a dart slug and a jackal.

Vanquished Creatures
  3 jackals (D:1)
  2 kobolds (D:1)
5 creatures vanquished.

Vanquished Creatures (others)
  A frilled lizard (D:1)
1 creature vanquished.

Grand Total: 6 creatures vanquished

Notes
Turn   | Place    | Note
-------+----------+-------------------------------------------
     0 | D:1      | Destapler the Gnoll Wanderer began the quest for the Orb.
     0 | D:1      | Destapler set off with the following items: a +0 club, a
                  | scroll of blinking, a potion of curing, a +0 robe, a potion
                  | of heal wounds, a ration; and the following spells
                  | available to memorise: Poisonous Vapours, Swiftness
     0 | D:1      | Reached XP level 1. HP: 23/23 MP: 6/6
    45 | D:1      | Reached XP level 2. HP: 5/29 MP: 7/7
    48 | D:1      | HP: 1/29 [jackal (1)]
    53 | D:1      | Killed from afar by a dart slug

Skill      XL: |  1 |
---------------+----+-----
Transmutations | 2 |  2.0
Fighting       | |  6.4
Short Blades   | |  0.2
Long Blades    | |  0.2
Axes           | |  0.2
Maces & Flails | |  0.2
Polearms       | |  0.2
Staves         | |  0.2
Slings         | |  0.2
Bows           | |  0.2
Crossbows      | |  0.2
Throwing       | |  2.4
Armour         | |  0.2
Dodging        | |  2.4
Stealth        | |  2.2
Shields        | |  0.2
Unarmed Combat | |  2.4
Spellcasting   | |  4.9
Conjurations   | |  0.1
Hexes          | |  0.1
Charms         | |  0.1
Summonings     | |  0.1
Necromancy     | |  0.1
Translocations | |  0.1
Fire Magic     | |  0.1
Ice Magic      | |  0.1
Air Magic      | |  0.1
Earth Magic    | |  0.1
Poison Magic   | |  0.1
Invocations    | |  0.3
Evocations     | |  0.2

Action                   || total
-------------------------++-------
Melee: Club              ||    34
       Bite              ||     3
  Use: Potion            ||     2
Armor: Robe              ||    13
Dodge: Dodged            ||    60
